 Dungeon Crawl Stone Soup version 0.31-a0-145-g046c7d2549 (webtiles) character file.

Game seed: 5328699538571170290

185 Faragor the Chiller (level 5, -1/28 HPs)
             Began as a Deep Elf Ice Elementalist on June 5, 2023.
             Was an Initiate of Sif Muna.
             Killed from afar by Sigmund (3 damage)
             ... with a magic dart
             ... on level 2 of the Dungeon.
             The game lasted 00:16:40 (3806 turns).

Faragor the Chiller (Deep Elf Ice Elementalist)     Turns: 3806, Time: 00:16:41

Health: -1/28      AC:  2    Str:  5    XL:     5   Next: 37%
Magic:  14/14      EV: 13    Int: 22    God:    Sif Muna [......]
Gold:   166        SH:  0    Dex: 15    Spells: 2/13 levels left

rFire   . . .        d - +0 short sword (vamp)
rCold   . . .        (no shield)
rNeg    . . .        a - +0 robe
rPois   .            (no helmet)
rElec   .            (no cloak)
rCorr   .            (no gloves)
SInv    .            (no boots)
Will    .....        (no amulet)
Stlth   +++          (no ring)
HPRegen 0.24/turn    (no ring)
MPRegen 0.14/turn

%: no passive effects
@: no status effects
A: no striking features
a: Renounce Religion


You were on level 2 of the Dungeon.
You worshipped Sif Muna.
Sif Muna was noncommittal.
You visited 1 branch of the dungeon, and saw 3 of its levels.

You collected 166 gold pieces.

Inventory:

Hand Weapons
 d - a +0 vampiric short sword (weapon)
Armour
 a - a +0 robe (worn)
Jewellery
 h - a +5 ring of evasion
Scrolls
 c - a scroll of teleportation
 f - a scroll of enchant weapon {unknown}
 g - 2 scrolls of brand weapon
 i - a scroll of identify {unknown}
 j - a scroll of fear {unknown}
 k - 2 scrolls of amnesia {unknown}
 l - a scroll of enchant armour {unknown}
 n - 2 scrolls of magic mapping {unknown}
 o - a scroll of blinking {unknown}
Potions
 b - a potion of magic
 e - 2 potions of attraction {unknown}
 m - a potion of cancellation {unknown}
 p - 2 potions of curing {unknown}
 q - 2 potions of lignification {unknown}


   Skills:
 - Level 3.0 Dodging
 + Level 4.5 Stealth
 + Level 4.8 Spellcasting
 + Level 5.4 Ice Magic


You had 2 spell levels left.
You knew the following spells:

 Your Spells              Type           Power      Damage    Failure   Level
a - Freeze                Ice            100%       1d10      1%          1
b - Frozen Ramparts       Ice            58%        1d9       3%          3
c - Ozocubu's Armour      Ice            29%        N/A       3%          3
d - Summon Ice Beast      Ice/Summ       17%        N/A       32%         4

Your spell library contained the following spells:

 Spells                   Type           Power      Damage    Failure   Level
 Ignite Poison            Fire/Tmut/Pois 5%         N/A       30%         3
 Vhi's Electric Charge    Tloc/Air       10%        N/A       30%         3
 Sticky Flame             Conj/Fire      5%         2d3       71%         4
 Arcjolt                  Conj/Air       2%         1d12      96%         5
 Ignition                 Fire           2%         3d3       100%        8
 Maxwell's Capacitive Co  Air            2%         ∞         100%        8


Dungeon Overview and Level Annotations

Branches:
Dungeon (3/15)

Altars:
Nemelex Xobeh
Sif Muna
Wu Jian

Shops:
D:2 (

Annotations:
D:1 cose in alto a sinistra
D:2 sigmund , Sigmund


Message History

You freeze the kobold!
You kill the kobold!
Sif Muna accepts your kill.
A giant cockroach comes into view.
Things that are here:
a +0 club; a kobold corpse
Found a ring mail.
Casting: Freeze (safe; 1% risk of failure)
Confirm with . or Enter, or press ? or * to list all spells.
Aiming: Freeze (safe; 1% risk of failure)
Press: ? - help, Shift-Dir - straight line, f - giant cockroach
Aim: a giant cockroach You freeze the giant cockroach.
You kill the giant cockroach!
Sif Muna accepts your kill.
You see here a giant cockroach corpse.
Sigmund points at you and mumbles some strange words.
The magic dart hits you! Sigmund gestures at you while chanting.
The magic dart hits you.
Sigmund says, "Your kind have come here before.
I understand now why.
You desire death..."
Sigmund mumbles some strange words.
Sigmund flickers and vanishes!
Deactivating autopickup; reactivate with Ctrl-A.
A magic dart appears from out of thin air!
The magic dart hits you!
You start resting.
You are confused.
A puff of flame appears from out of thin air!
The puff of flame hits you!
* * * LOW HITPOINT WARNING * * *
You feel less confused.
You hear some strange, mumbled words.
Something tries to affect you, but you resist.
A magic dart appears from out of thin air!
The magic dart hits you!
* * * LOW HITPOINT WARNING * * *
A magic dart appears from out of thin air!
The magic dart hits you.
You die...

....###..## ....# ##.# ....# #.#
#.### #.## #.# #..# #.#######.#
#..)....#.# #######.#.########
########### #.....<.#..{....@#
#.....>.... #....####..#####.#
#.#....#### #..........##....####
#.#....####
.....#####.##.......###.#......##
#.#.## #.##<.#.##.##.........##
...## #.....[...............##
...# ####..####.##...........
...# #..####.#####........ ...#
#..<....# #...##.##


There were no monsters in sight!

Vanquished Creatures
  An orc priest (D:3)
  Natasha (twice) (D:3)
  3 adders (D:3)
  A dart slug (D:1)
  6 orcs
  10 endoplasms
  2 giant cockroaches
  5 goblins
  7 hobgoblins
  2 quokkas
  9 ball pythons
  5 bats
  4 frilled lizards
  6 kobolds
  4 rats
67 creatures vanquished.

Notes
Turn   | Place    | Note
-------+----------+-------------------------------------------
     0 | D:1      | Faragor the Deep Elf Ice Elementalist began the quest for
                  | the Orb.
     0 | D:1      | Reached XP level 1. HP: 10/10 MP: 6/6
   596 | D:1      | Reached XP level 2. HP: 10/15 MP: 5/8
   699 | D:1      | Found a faded altar of an unknown god.
  1349 | D:2      | Found Elaobb's Weapon Boutique.
  1382 | D:2      | Reached XP level 3. HP: 19/19 MP: 6/10
  1389 | D:2      | Learned a level 3 spell: Frozen Ramparts
  1393 | D:2      | Learned a level 3 spell: Ozocubu's Armour
  2232 | D:2      | Noticed Sigmund
  2459 | D:3      | Found a shimmering blue altar of Sif Muna.
  2473 | D:3      | Became a worshipper of Sif Muna the Loreminder
  2619 | D:3      | Reached XP level 4. HP: 22/24 MP: 9/12
  2831 | D:3      | Reached skill level 5 in Ice Magic
  3021 | D:3      | Learned a level 4 spell: Summon Ice Beast
  3252 | D:3      | Found a sparkling altar of Nemelex Xobeh.
  3461 | D:3      | Found an ornate altar of the Wu Jian Council.
  3538 | D:3      | Noticed Natasha
  3544 | D:3      | Killed Natasha
  3545 | D:3      | Reached XP level 5. HP: 28/28 MP: 7/14
  3594 | D:3      | Noticed Natasha
  3609 | D:3      | Killed Natasha
  3805 | D:2      | HP: 1/28 [something/magic dart (9)]
  3806 | D:2      | Killed from afar by Sigmund

Illustrated notes

Levels and vault maps discovered:
D:1:      shiori_arrival_elements, layout_loops_ring,
          nicolae_ecumenical_snake_handling, due_unseen_surprise
D:2:      layout_loops_cross, serial_shops, shop, uniq_sigmund
D:3:      layout_loops_ring, nzn_wu_jian_council_hall,
          nemelex_dance_club_becter, overflow_temple_1_default, uniq_natasha

Skill      XL: |  1  2  3  4 |
---------------+-------------+-----
Stealth        | 3 4 |  4.5
Dodging        | 3 |  3.0
Spellcasting   | 4 |  4.8
Ice Magic      | 5 |  5.4

Action                     |  1- 3 |  4- 6 || total
---------------------------+-------+-------++-------
  Melee: Unarmed           |     3 |       ||     3
         Short sword       |     3 |       ||     3
   Cast: Freeze            |    61 |    15 ||    76
         Frozen Ramparts   |     3 |     7 ||    10
         Ozocubu's Armour  |       |     2 ||     2
    Use: Scroll            |       |     2 ||     2
 Armour: Robe              |     5 |     4 ||     9
  Dodge: Dodged            |    35 |     9 ||    44

Table legend: (Time is in decaauts)
 A = Elapsed time spent in this place.
 B = Non-inter-level travel time spent in this place.
 C = Inter-level travel time spent in this place.
 D = Time resting spent in this place.
 E = Time spent auto-exploring this place.
 F = Levels seen in this place.
 G = Mean time per level.
                   A        B        C        D        E       F      G
               +--------+--------+--------+--------+--------+-----+--------+
         Total |   3805 |   3729 |     76 |   1476 |   1512 |   3 | 1268.3 |
       Dungeon |   3805 |   3729 |     76 |   1476 |   1512 |   3 | 1268.3 |
               +--------+--------+--------+--------+--------+-----+--------+

Top non-repeatable levels by time:
     D:2: 1325 daAuts
     D:1: 1285 daAuts
     D:3: 1194 daAuts
